 Dungeon Crawl Stone Soup version 0.29.1-1-gd02db6906a (webtiles) character file.

Game seed: 1114820198266217345

113082 Earthwalker the Impaler (level 16, -1/152 HPs)
             Began as a Minotaur Fighter on Oct 11, 2022.
             Was the Champion of Okawaru.
             Succumbed to Earthwalker's illusion's poison
             ... on level 3 of the Swamp.
             The game lasted 03:26:35 (38233 turns).

Earthwalker the Impaler (Minotaur Fighter)         Turns: 38233, Time: 03:26:36

Health: -1/152     AC: 25    Str: 30    XL:     16   Next: 13%
Magic:  1/19       EV: 17    Int:  2    God:    Okawaru [******]
Gold:   2315       SH: 21    Dex: 25    Spells: 15/15 levels left

rFire   x . .      SeeInvis +   S - +7 trident of Feic Yri {venom, Fly Dex+7 Stlth-}
rCold   + + +      Faith    .   x - +0 tower shield
rNeg    + . .      Spirit   +   D - +9 scale mail of Philately {rC+ Int-5 Dex+5}
rPois   +          Reflect  .   w - +0 hat "Ximimuy" {rC+}
rElec   .          Harm     .   G - +0 cloak of a bailey {rPois rC+ Dex+3}
rCorr   +          Rampage  .   F - +3 pair of gloves "Qoilontu" {+Inv rF- Str+3}
Will    +....                   (no boots)
Stlth   ..........              B - amulet "Jeran" {Spirit rC+ rCorr}
HPRegen 0.35/turn               E - ring "Castriob" {rPois rN+ SInv}
MPRegen 0.16/turn               Z - ring of poison resistance

@: lethally poisoned (-1 -> -18), silenced, flying
A: horns 2, retaliatory headbutt
a: Renounce Religion, Evoke Invisibility


You were on level 3 of the Swamp.
You worshipped Okawaru.
Okawaru was exalted by your worship.
You visited 5 branches of the dungeon, and saw 26 of its levels.
You also visited: Sewer and Bailey.

You collected 2636 gold pieces.
You spent 321 gold pieces at shops.

Inventory:

Hand Weapons
 a - a +6 trident of flaming
 H - the +11 falchion of Pandemonium {vamp, Fragile rF+++ Dex+6}
   (Okawaru gifted it to you on level 2 of the Orcish Mines)

   It occasionally heals its wielder for a portion of the damage dealt when it
   wounds a living foe.
   Dex:       It affects your dexterity (+6).
   rF:        It renders you almost immune to fire.
   Fragile:   It will be destroyed if unequipped.
 S - the +7 trident of Feic Yri (weapon) {venom, Fly Dex+7 Stlth-}
   (Okawaru gifted it to you on level 1 of the Swamp)

   It poisons the flesh of those it strikes.
   Dex:       It affects your dexterity (+7).
   Fly:       It grants you flight.
   Stlth:     It makes you less stealthy.
Missiles
 u - 23 boomerangs (quivered)
 K - 70 poisoned darts
 M - 14 atropa-tipped darts
 R - 2 boomerangs of dispersal
 U - 3 throwing nets
Armour
 w - the +0 hat "Ximimuy" (worn) {rC+}
   (Okawaru gifted it to you on level 3 of the Lair of Beasts)

   rC:        It protects you from cold.
 x - a +0 tower shield (worn)
 D - the +9 scale mail of Philately (worn) {rC+ Int-5 Dex+5}
   (Okawaru gifted it to you on level 12 of the Dungeon)

   Int:       It affects your intelligence (-5).
   Dex:       It affects your dexterity (+5).
   rC:        It protects you from cold.
 F - the +3 pair of gloves "Qoilontu" (worn) {+Inv rF- Str+3}
   (Okawaru gifted it to you on level 14 of the Dungeon)

   Str:       It affects your strength (+3).
   rF:        It makes you vulnerable to fire.
   +Inv:      It lets you turn invisible.
 G - the +0 cloak of a bailey (worn) {rPois rC+ Dex+3}
   (Okawaru gifted it to you on level 5 of the Lair of Beasts)

   Dex:       It affects your dexterity (+3).
   rC:        It protects you from cold.
   rPois:     It protects you from poison.
Jewellery
 c - a ring of fire
 d - the ring of Egapoek {Fly rElec rN++ Will- MP-9}
   (You bought it in a shop on level 2 of the Orcish Mines)

   [ring of flight]

   rElec:     It insulates you from electricity.
   rN:        It greatly protects you from negative energy.
   MP:        It affects your magic capacity (-9).
   Fly:       It grants you flight.
   Will:      It decreases your willpower.
 n - an amulet of reflection
 r - an amulet of the acrobat
 B - the amulet "Jeran" (around neck) {Spirit rC+ rCorr}
   (You found it in a bailey)

   [amulet of guardian spirit]

   It causes incoming damage to be divided between your reserves of health and
   magic.
   rC:        It protects you from cold.
   rCorr:     It protects you from acid and corrosion.
 E - the ring "Castriob" (left hand) {rPois rN+ SInv}
   (You took it off an orc wizard on level 6 of the Dungeon)

   [ring of positive energy]

   rPois:     It protects you from poison.
   rN:        It protects you from negative energy.
   SInv:      It lets you see invisible.
 I - a +6 ring of strength
 V - a ring of see invisible
 Z - a ring of poison resistance (right hand)
Wands
 e - a wand of flame (43)
 s - a wand of paralysis (16)
 t - a wand of polymorph (12)
 L - a wand of mindburst (24)
 N - a wand of iceblast (6)
 O - a wand of digging (8)
 W - a wand of acid (19)
Scrolls
 k - 6 scrolls of fear
 m - 12 scrolls of teleportation
 y - 2 scrolls of amnesia
 C - 2 scrolls of poison
 J - 14 scrolls of identify
 P - 3 scrolls of magic mapping
 T - a scroll of enchant weapon
 X - 3 scrolls of fog
Potions
 b - a potion of berserk rage
 f - 11 potions of flight
 g - 3 potions of resistance
 i - 13 potions of curing
 j - 2 potions of might
 l - 9 potions of degeneration
 o - 3 potions of mutation
 p - 4 potions of heal wounds
 q - 6 potions of lignification
 v - 2 potions of cancellation
 z - 6 potions of attraction
 A - a potion of magic
 Y - 2 potions of brilliance
Miscellaneous
 Q - a piece from Xom's chessboard (15/15)


   Skills:
 * Level 16.7 Fighting
 * Level 17.3 Polearms
 * Level 6.7 Throwing
 * Level 15.6 Armour
 * Level 10.5 Dodging
 * Level 13.2 Shields
 * Level 6.0 Invocations
 * Level 5.4 Evocations


You had 15 spell levels left.
You didn't know any spells.
Your spell library contained the following spells:

 Spells                   Type           Power      Damage    Failure   Level
 Apportation              Tloc           0%         N/A       99%         1
 Magic Dart               Conj           0%         1d3       99%         1
 Necrotise                Necr           0%         1d4       99%         1
 Blink                    Tloc           0%         N/A       100%        2
 Searing Ray              Conj           0%         2d4       100%        2
 Confusing Touch          Hex            0%         N/A       100%        3
 Conjure Flame            Conj/Fire      0%         6-21      100%        3
 Ignite Poison            Fire/Tmut/Pois 0%         N/A       100%        3
 Lesser Beckoning         Tloc           0%         N/A       100%        3
 Stone Arrow              Conj/Erth      0%         3d7       100%        3
 Anguish                  Hex/Necr       0%         N/A       100%        4
 Fulminant Prism          Conj/Hex       0%         3d6       100%        4
 Sticky Flame             Conj/Fire      0%         2d3       100%        4
 Iskenderun's Battlesphe  Conj           0%         2d6       100%        5
 Manifold Assault         Tloc           0%         N/A       100%        5
 Yara's Violent Unravell  Hex/Tmut       0%         3d3       100%        5
 Iron Shot                Conj/Erth      0%         9d1       100%        6
 Enfeeble                 Hex            0%         N/A       100%        7
 Borgnjor's Revivificati  Necr           0%         N/A       100%        8
 Lehudib's Crystal Spear  Conj/Erth      0%         10d2      100%        8
 Necromutation            Tmut/Necr      0%         N/A       100%        8
 Death's Door             Necr           0%         N/A       100%        9
 Summon Small Mammal      Summ           Unusable   N/A       N/A         1
 Animate Armour           Summ/Erth      Unusable   N/A       N/A         4
 Malign Gateway           Summ/Tloc      Unusable   N/A       N/A         7
 Spellforged Servitor     Conj/Summ      Unusable   N/A       N/A         7
 Summon Horrible Things   Summ           Unusable   N/A       N/A         8

Dungeon Overview and Level Annotations

Branches:
Dungeon (15/15)            Temple (1/1) D:7            Lair (5/5) D:10
  Swamp (3/4) Lair:3        Snake (0/4) Lair:3        Slime (0/5) Lair:5
    Orc (2/2) D:12            Elf (0/3) Orc:2        Vaults (0/5) D:13
 Depths (0/4) D:15          Sewer (visited)          Bailey (visited)

Altars:
Ashenzari
Cheibriados
Dithmenos
Elyvilon
Fedhas
Gozag
Hepliaklqana
Kikubaaqudgha
Makhleb
Nemelex Xobeh
Okawaru
Qazlal
Ru
Sif Muna
Trog
Uskayaw
Vehumet
Wu Jian
Xom
Yredelemnul
Zin
The Shining One

Shops:
D:4 !*   D:13 :   Orc:2 *!(=

Portals:
Trove: D:13 (give +2 gold dragon scales)

Annotations:
Swamp:3 Mara


Innate Abilities, Weirdness & Mutations

You have a pair of horns on your head.
You reflexively headbutt those who attack you in melee.


Message History

Mara weaves an illusion.
Mara shimmers and seems to become three!
As you read the scroll of silence, it crumbles to dust.
A profound silence engulfs you.
You are engulfed in a cloud of scalding steam.
Earthwalker's illusion hits you!
You are poisoned.
Mara gestures at you. The bolt of fire hits you!! The fire burns you terribly!
* * * LOW HITPOINT WARNING * * *
You puncture Mara!
Mara is severely wounded.
You feel very sick.
Mara blinks!
You block Earthwalker's illusion's attack.
Mara blinks!
You hit Mara. Your headbutt misses Mara.
Mara is heavily wounded.
You feel very sick.
Mara blinks!
Earthwalker's illusion hits you!
* * * LOW HITPOINT WARNING * * *
You hit Mara but do no damage.
Mara is heavily wounded.
You feel very sick. Mara closely misses you. You furiously retaliate!
You headbutt Mara! You impale Mara!! You headbutt Mara, but do no damage.
Mara is severely wounded.
You feel sick. Earthwalker's illusion hits you!!
* * * LOW HITPOINT WARNING * * *
You are more poisoned.
Mara completely misses you.
You closely miss Mara.
Mara is severely wounded.
* * * LOW HITPOINT WARNING * * *
You feel very sick.
You block Earthwalker's illusion's attack.
Mara closely misses you.
You hit Mara.
Mara is severely wounded.
You die...

♣.~..~~..~ ~. ♣♣~~~~~..~~ ♣~...
♣~..♣♣♣♣ ♣.~~~~~~..~
.....♣♣.~~§♣§♣♣ ♣♣♣..~~~~.~♣~
~~...~♣~~~~.~.♣♣♣ ♣~>.~~~~~.♣~.
~~.~~.♣§.§.~~~.~♣♣♣♣.~~~~§~~.♣~.
.......~~~.~~~.~§...~§~.....♣♣♣ .
♣~...~~..§~~.§~~..~~~~~~..... ..♣
♣♣♣.~~~...~~@~[~~R~~~~~~~.~~~
..♣♣♣~.......~.R@.§~~.~~~~~~~~~~~
.~~~......§...~~R.~~~.♣♣~~~~~~.♣♣
~~..~~~~~~....~~~~~~~~♣♣♣~~~§~~~♣
~....~~~~~.~~~~~§~...♣♣♣♣.~~~~~.~
~~♣♣♣..~~~~~~~.~~~~~....♣♣♣~...~~
♣♣♣♣♣~♣♣♣♣~.~~....~~~~~.~♣♣♣♣~~♣♣
♣......~♣♣♣§~~~[~♣~§~~~~♣♣~.§...~
.~~..~~.♣♣♣~♣♣♣))~~..~~~.~..~~~§.


You could see 3 Maras and Earthwalker's illusion (poisoned).

Vanquished Creatures
  Jorgrun (Orc:1)
  A tentacled monstrosity (Swamp:2)
  Louise (Swamp:2)
  2 eleionomae
  A dire elephant (Lair:5)
  Azrael (D:14)
  4 bunyips
  An ettin (Orc:2)
  Snorg (Orc:1)
  8 vault guards
  13 hydras
  4 ogre magi (Orc:2)
  Harold (D:9)
  3 boulder beetles
  2 centaur warriors (D:14)
  3 catoblepae
  A death knight (D:15)
  12 two-headed ogres
  Erica (Orc:1)
  2 alligators
  A deep troll shaman (Lair:5)
  9 death yaks
  An orc high priest (Orc:2)
  Amaemon (Lair:2)
  A swamp dragon (Swamp:3)
  2 spriggan druids (Swamp:1)
  2 bog bodies
  2 wizards (D:15)
  3 orc knights
  2 deep elf pyromancers
  A necromancer (D:15)
  2 orc sorcerers
  An oklob plant (Lair:3)
  2 will-o-the-wisps
  6 manticores
  8 ugly things
  9 elephants (Lair:5)
  6 cyclopes
  4 black mambas
  A black mamba (shapeshifter) (D:14)
  10 cane toads
  A gargoyle (D:10)
  A centaur skeleton (D:15)
  A torpor snail (Lair:4)
  A naga mage (D:15)
  An orange demon (Lair:3)
  A rime drake (Lair:1)
  5 komodo dragons
  Maggie (D:8)
  An efreet (D:13)
  An unseen horror (D:10)
  2 freezing wraiths
  2 kobold demonologists (D:12)
  2 bloated husks (Swamp:2)
  4 tyrant leeches
  A meliai (shapeshifter) (D:14)
  7 trolls
  A tarantella (shapeshifter) (D:14)
  5 hornets
  Prince Ribbit (D:6)
  3 blink frogs (Lair:5)
  5 polar bears
  14 slime creatures
  3 spriggans (Swamp:3)
  2 shadows (D:10)
  5 fire elementals (D:14)
  4 wyverns
  2 wraiths
  71 yaks
  3 basilisks
  A vampire (D:12)
  A basilisk (shapeshifter) (D:13)
  Grum (Lair:1)
  4 wargs
  A steam dragon (D:9)
  14 vampire mosquitoes
  A redback simulacrum (D:15)
  18 swamp worms
  An acid dragon (D:11)
  15 water moccasins
  A sky beast (D:7)
  5 ice beasts
  19 orc warriors
  2 swamp drakes
  3 black bears
  25 ogres
  10 centaurs
  12 wolves
  A phantom (D:6)
  12 kobold brigands
  Blork the orc (D:12)
  4 gnoll sergeants
  5 bullfrogs
  3 scorpions
  10 wights
  A hornet simulacrum (D:15)
  4 howler monkeys
  A hound (D:4)
  16 orc priests
  3 gnoll boudas
  4 jellies
  4 iguanas
  17 orc wizards
  A mummy (D:9)
  27 gnolls
  11 adders
  3 river rats (Sewer)
  A shadow imp (D:5)
  2 white imps
  2 worms (D:5)
  2 dart slugs
  76 orcs
  14 bats
  8 endoplasms
  9 giant cockroaches
  9 goblins
  4 hobgoblins
  11 jackals
  33 kobolds
  6 quokkas
  10 ball pythons
  5 frilled lizards
  4 rats
  3 bushes (Lair:2)
  2 fire vortices (D:14)
751 creatures vanquished.

Vanquished Creatures (others)
  A bloated husk (Swamp:1)
  A yak (D:8)
  An orc wizard (Orc:1)
  A bush (Lair:4)
  10 foxfires (Swamp:3)
  22 fungi
  30 plants
66 creatures vanquished.

Grand Total: 817 creatures vanquished

Notes
Turn   | Place    | Note
-------+----------+-------------------------------------------
     0 | D:1      | Earthwalker the Minotaur Fighter began the quest for the
                  | Orb.
     0 | D:1      | Reached XP level 1. HP: 19/19 MP: 0/0
   346 | D:1      | Reached XP level 2. HP: 27/27 MP: 1/1
   913 | D:2      | Reached XP level 3. HP: 33/33 MP: 2/2
   920 | D:2      | Reached skill level 3 in Polearms
  1334 | D:2      | Reached XP level 4. HP: 40/40 MP: 3/3
  1372 | D:2      | Reached skill level 1 in Dodging
  2258 | D:3      | Found a faded altar of an unknown god.
  2743 | D:4      | Found Caghe's Gadget Gallery.
  2882 | D:4      | Reached skill level 4 in Polearms
  2890 | D:4      | Reached XP level 5. HP: 47/47 MP: 4/4
  2957 | D:4      | Noticed a black bear
  2961 | D:4      | Killed a black bear
  2962 | D:4      | Reached skill level 5 in Armour
  2966 | D:4      | Reached skill level 5 in Polearms
  2966 | D:4      | Reached XP level 6. HP: 52/53 MP: 5/5
  3100 | D:4      | Found Lynuk's Distillery.
  3236 | D:5      | Entered Level 5 of the Dungeon
  3410 | D:5      | Found a burning altar of Makhleb.
  3531 | D:5      | Noticed a yak
  3548 | D:5      | Killed a yak
  3549 | D:5      | Reached skill level 5 in Fighting
  3549 | D:5      | Reached skill level 6 in Polearms
  3549 | D:5      | Reached XP level 7. HP: 61/61 MP: 6/6
  3556 | D:5      | Noticed a yak
  3559 | D:5      | Noticed a yak
  3560 | D:5      | Noticed a yak
  3563 | D:5      | Noticed a yak
  3564 | D:5      | Killed a yak
  3570 | D:5      | Killed a yak
  3571 | D:5      | Reached skill level 7 in Polearms
  3571 | D:5      | Reached skill level 5 in Shields
  3575 | D:5      | Killed a yak
  3582 | D:5      | Killed a yak
  3583 | D:5      | Reached XP level 8. HP: 11/70 MP: 7/7
  3658 | D:5      | Found a glowing drain.
  3673 | Sewer    | Entered a sewer
  4112 | Sewer    | Reached skill level 8 in Polearms
  5239 | D:6      | Found a transporter.
  5505 | D:6      | Noticed Prince Ribbit
  5870 | D:6      | Reached skill level 9 in Polearms
  5921 | D:6      | Killed Prince Ribbit
  6031 | D:6      | Reached XP level 9. HP: 44/78 MP: 8/8
  6588 | D:6      | Reached skill level 10 in Polearms
  6647 | D:6      | Found a transporter.
  7305 | D:7      | Identified the ring "Castriob" {rPois rN+ SInv}
  7530 | D:7      | Noticed a troll
  7541 | D:7      | Killed a troll
  7915 | D:7      | Found a staircase to the Ecumenical Temple.
  7920 | Temple   | Entered the Ecumenical Temple
  7933 | Temple   | Became a worshipper of Warmaster Okawaru
  8664 | D:8      | Found a hide-covered altar of Uskayaw.
  8706 | D:8      | Found a shimmering blue altar of Sif Muna.
  8807 | D:8      | Found a flagged portal.
  8818 | Bailey   | Entered a bailey
  8856 | Bailey   | Reached skill level 11 in Polearms
  9082 | Bailey   | Reached XP level 10. HP: 77/88 MP: 9/9
  9087 | Bailey   | Reached * piety under Okawaru
  9347 | Bailey   | Found a bloodstained altar of Trog.
  9358 | Bailey   | Identified the amulet "Jeran" {Spirit rC+ rCorr}
  9449 | D:8      | Reached skill level 5 in Dodging
  9874 | D:8      | Found a stormy altar of Qazlal.
  9879 | D:8      | Reached ** piety under Okawaru
 10093 | D:8      | Noticed Maggie
 10108 | D:8      | Killed Maggie
 10524 | D:8      | Reached skill level 12 in Polearms
 11285 | D:9      | Noticed Harold
 11299 | D:9      | Killed Harold
 11299 | D:9      | Reached *** piety under Okawaru
 11300 | D:9      | Reached skill level 10 in Armour
 11836 | D:9      | Found a hazy altar of Hepliaklqana.
 11909 | D:9      | Found a snail-covered altar of Cheibriados.
 12007 | D:9      | Found a glowing golden altar of the Shining One.
 12079 | D:10     | Entered Level 10 of the Dungeon
 12130 | D:9      | Reached XP level 11. HP: 74/97 MP: 10/10
 12365 | D:10     | Reached **** piety under Okawaru
 12543 | D:10     | Found a broken altar of Ashenzari.
 12552 | D:10     | Found a shadowy altar of Dithmenos.
 12562 | D:10     | Found an ancient bone altar of Kikubaaqudgha.
 12562 | D:10     | Found a glowing silver altar of Zin.
 12678 | D:10     | Reached skill level 10 in Fighting
 12771 | D:10     | Found a sparkling altar of Nemelex Xobeh.
 12791 | D:10     | Found an ornate altar of the Wu Jian Council.
 13019 | D:10     | Found a staircase to the Lair.
 13146 | D:11     | Noticed a boulder beetle
 13221 | D:11     | Killed a boulder beetle
 13221 | D:11     | Received a gift from Okawaru
 13769 | D:11     | Noticed a two-headed ogre
 13937 | D:11     | Killed a two-headed ogre
 13937 | D:11     | Reached ***** piety under Okawaru
 13938 | D:11     | Reached skill level 13 in Polearms
 13966 | D:11     | Identified the +3 scale mail of the Four Wishes {rF++
                  | Stlth-} (Okawaru gifted it to you on level 11 of the
                  | Dungeon)
 13966 | D:11     | Received a gift from Okawaru
 14148 | D:11     | Noticed a two-headed ogre
 14160 | D:11     | Killed a two-headed ogre
 14514 | D:11     | Noticed a two-headed ogre
 14526 | D:11     | Killed a two-headed ogre
 14954 | D:12     | Reached XP level 12. HP: 110/110 MP: 11/11
 15015 | D:12     | Found a staircase to the Orcish Mines.
 15408 | D:12     | Noticed a five-headed hydra
 15451 | D:12     | Killed a five-headed hydra
 16370 | D:13     | Found Wenlah's Book Emporium.
 16383 | D:13     | Noticed a vault guard
 16384 | D:13     | Noticed a vault guard
 16384 | D:13     | Noticed a vault guard
 16387 | D:13     | Noticed a vault guard
 16404 | D:12     | Killed a vault guard
 16773 | D:13     | Found a portal to a secret trove of treasure.
 16786 | D:12     | Identified the +9 scale mail of Philately {rC+ Int-5 Dex+5}
                  | (Okawaru gifted it to you on level 12 of the Dungeon)
 16786 | D:12     | Received a gift from Okawaru
 17051 | D:12     | Reached skill level 14 in Polearms
 17189 | D:13     | Noticed a vault guard
 17189 | D:13     | Noticed a five-headed hydra
 17191 | D:13     | Noticed a vault guard
 17200 | D:12     | Killed a five-headed hydra
 17420 | D:12     | Killed a vault guard
 17421 | D:12     | Reached skill level 10 in Shields
 17570 | D:13     | Identified the +9 arbalest "One Gara" {elec, Str+4 Dex+4}
 17720 | D:12     | Killed a vault guard
 17776 | D:13     | Noticed a vault guard
 17794 | D:12     | Killed a vault guard
 17798 | D:13     | Noticed a two-headed ogre
 17808 | D:12     | Killed a two-headed ogre
 17958 | D:13     | Noticed a vault guard
 18050 | D:13     | Killed a vault guard
 18295 | D:13     | Killed a vault guard
 18616 | D:13     | Killed a vault guard
 18617 | D:13     | Reached XP level 13. HP: 47/122 MP: 12/12
 18912 | D:13     | Found a gate to the Vaults.
 19724 | D:14     | Reached skill level 1 in Throwing
 19742 | D:14     | Reached skill level 1 in Invocations
 19952 | D:14     | Identified the +6 spear "Xecheexyq" {drain, rF+} (Okawaru
                  | gifted it to you on level 14 of the Dungeon)
 19952 | D:14     | Received a gift from Okawaru
 19953 | D:14     | Reached skill level 1 in Evocations
 20823 | D:14     | Identified the +3 pair of gloves "Qoilontu" {+Inv rF-
                  | Str+3} (Okawaru gifted it to you on level 14 of the
                  | Dungeon)
 20823 | D:14     | Received a gift from Okawaru
 20915 | D:14     | Reached skill level 15 in Polearms
 21318 | D:14     | Noticed Azrael
 21534 | Orc:1    | Entered Level 1 of the Orcish Mines
 21764 | Orc:1    | Noticed Blork the orc
 21786 | D:12     | Killed Blork the orc
 21855 | Orc:1    | Noticed Jorgrun
 21949 | Orc:1    | Killed Jorgrun
 21994 | Orc:1    | Noticed Snorg
 22211 | Orc:1    | Killed Snorg
 22503 | Orc:1    | Noticed Erica
 22527 | Orc:1    | Killed Erica
 22971 | Orc:2    | Entered Level 2 of the Orcish Mines
 23039 | Orc:2    | Found a staircase to the Elven Halls.
 23048 | Orc:2    | Noticed an ettin
 23114 | Orc:2    | Reached XP level 14. HP: 114/132 MP: 15/15
 23487 | Orc:2    | Reached ****** piety under Okawaru
 23872 | Orc:2    | Found Guishree's Distillery.
 23872 | Orc:2    | Found Ismanl Vumoe's Jewellery Emporium.
 23873 | Orc:2    | Found Taefoe's General Store.
 23873 | Orc:2    | Found Iroolur's Antique Weapon Boutique.
 24555 | Orc:2    | Identified the +11 falchion of Pandemonium {vamp, Fragile
                  | rF+++ Dex+6} (Okawaru gifted it to you on level 2 of the
                  | Orcish Mines)
 24555 | Orc:2    | Received a gift from Okawaru
 25037 | Lair:1   | Entered Level 1 of the Lair of Beasts
 25165 | Lair:1   | Noticed Grum
 25179 | Lair:1   | Reached skill level 15 in Fighting
 25183 | Lair:1   | Killed Grum
 25666 | Lair:1   | Identified the +2 spear "Newt's Funeral" {vorpal, Dex+2}
 27024 | Lair:2   | Reached skill level 16 in Polearms
 27518 | Lair:3   | Found a staircase to the Snake Pit.
 27930 | Lair:3   | Identified the +0 hat "Ximimuy" {rC+} (Okawaru gifted it to
                  | you on level 3 of the Lair of Beasts)
 27930 | Lair:3   | Received a gift from Okawaru
 28318 | Lair:3   | Noticed Amaemon
 28368 | Lair:2   | Killed Amaemon
 29093 | Lair:3   | Reached skill level 15 in Armour
 29146 | Lair:3   | Found a staircase to the Swamp.
 30178 | Lair:4   | Reached XP level 15. HP: 143/143 MP: 17/17
 30703 | Lair:5   | Entered Level 5 of the Lair of Beasts
 30712 | Lair:4   | Reached skill level 5 in Throwing
 30910 | Lair:5   | Found a staircase to the Slime Pits.
 30949 | Lair:5   | Identified the +0 cloak of a bailey {rPois rC+ Dex+3}
                  | (Okawaru gifted it to you on level 5 of the Lair of Beasts)
 30949 | Lair:5   | Received a gift from Okawaru
 31423 | Lair:5   | Identified the +1 whip of Imminent Death {freeze, rElec
                  | Int+2}
 31429 | Lair:5   | Reached skill level 5 in Invocations
 32752 | Orc:2    | Bought the ring of Egapoek {Fly rElec rN++ Will- MP-9} for
                  | 321 gold pieces
 33777 | D:14     | Killed Azrael
 33778 | D:14     | Reached skill level 10 in Dodging
 33986 | D:15     | Entered Level 15 of the Dungeon
 34072 | D:15     | Found a hide-covered altar of Uskayaw.
 34635 | D:15     | Reached skill level 17 in Polearms
 34663 | D:15     | Found a staircase to the Depths.
 35589 | Swamp:1  | Entered Level 1 of the Swamp
 35734 | Swamp:1  | Reached skill level 5 in Evocations
 35849 | Swamp:1  | Identified the +7 trident of Feic Yri {venom, Fly Dex+7
                  | Stlth-} (Okawaru gifted it to you on level 1 of the Swamp)
 35849 | Swamp:1  | Received a gift from Okawaru
 36438 | Swamp:2  | Noticed Louise
 36793 | Swamp:2  | Killed Louise
 36939 | Swamp:2  | Noticed a tentacled monstrosity
 36949 | Swamp:2  | Killed a tentacled monstrosity
 37529 | Swamp:3  | Received a gift from Okawaru
 37544 | Swamp:3  | Reached XP level 16. HP: 152/152 MP: 19/19
 38016 | Swamp:3  | Noticed Mara
 38022 | Swamp:3  | Noticed Earthwalker's illusion
 38217 | Swamp:3  | Noticed Earthwalker's illusion
 38231 | Swamp:3  | HP: 5/152 [Earthwalker's illusion (illusionary)[Mara] (17)]
 38232 | Swamp:3  | HP: 1/152 [poisoned by Earthwalker's illusion]
 38233 | Swamp:3  | Succumbed to Earthwalker's illusion's poison

Illustrated notes

Levels and vault maps discovered:
D:1:      dpeg_arrival_prison, layout_basic
D:2:      cheibrodos_helix_gallery, layout_basic, minmay_worlds_worst_comb
D:3:      layout_loops_ring, hellmonk_ecumenical_altar_heavens_door
D:4:      layout_gridville, serial_shops, shop, nicolae_shop_gadgets
D:5:      layout_loops_ring, mainiacjoe_overflow_concentric_impassable,
          gup_sewer_entry_bubbles, minmay_liquid_box
D:6:      gammafunk_cloud_chamber, layout_layer_cave, serial_glass,
          glass_columns_b, glass_columns_a, minmay_strange_pillars,
          minmay_strange_pillars, uniq_prince_ribbit1
D:7:      layout_basic, minmay_temple_entry_gardened_gates,
          hangedman_decor_points, minmay_microvault
D:8:      layout_loops_corners, mainiacjoe_overflow_brackets,
          nicolae_qazlal_scattered_showers, marbit_many_paths, enter_bailey_3,
          kennysheep_windowed_goal, uniq_maggie
D:9:      layout_roguey, lemuel_round_altar, slow_altar_2, tso_oasis_becter,
          uniq_harold
D:10:     layout_roguey, mainiacjoe_overflow_chevrons,
          nemelex_xobeh_ov_fountains_minmay, nicolae_ashenzari_skybound,
          chequers_temple_overflow_statue_of_worship, lair_entry_dummy
D:11:     layout_loops_ring
D:12:     layout_long_grid, david_orc_2, st_stairs_7
D:13:     layout_long_grid, erik_vaults_2, gauntlet_entry_generic, serial_shops,
          shop, nicolae_trove_entry_isolated
D:14:     layout_loops_cross, serial_glass, glass_columns_a, glass_columns_a,
          minmay_fountain_box, st_stairs_7, grunt_decor_junction, uniq_azrael
D:15:     grunt_enter_depths_magical_seal, layout_basic, basic_altar
Temple:   nicolae_temple_ecumenical_triangle
Lair:1:   layout_roguey, uniq_grum
Lair:2:   layout_regular_city, minmay_hedge_maze, grunt_megastairs_2,
          infiniplex_staircase_pool_2, lemuel_fruit_tree
Lair:3:   layout_gridlike, palyth_hydra_swamp_entry, dummy_snake_entry,
          nzn_sisyphean_effort, serial_bayou_shore_b, uniq_amaemon
Lair:4:   layout_regular_city
Lair:5:   grunt_lair_end_beastmaster, layout_loops_ring,
          nicolae_slime_entry_slimehenge, serial_rivers,
          chequers_serial_rivers_room_a, chequers_serial_rivers_marsh,
          chequers_serial_rivers_micro_b, chequers_serial_rivers_room_a,
          chequers_serial_rivers_micro_e, grunt_megastairs_1,
          infiniplex_staircase_pool
Swamp:1:  layout_basic_swamp, nicolae_swamp_triple_paths
Swamp:2:  layout_basic_swamp, hangedman_swamp_ruin_wall, swamp_pool1,
          uniq_louise
Swamp:3:  layout_basic_swamp, evilmike_swamp_ruin_rubble_2, swamp_pool5,
          hangedman_swamp_blocks, uniq_mara
Orc:1:    layout_diamond_mine, sword_in_stone, uniq_jorgrun, uniq_erica,
          uniq_snorg
Orc:2:    st_orc_ogre_mass, layout_caves, minmay_orc_temple_c

Skill      XL: |  1  2  3  4  5  6  7  8  9 10 11 12 13 14 15 16 |
---------------+-------------------------------------------------+-----
Armour         | 4 5 6 7 8 10 12 13 14 15 | 15.6
Fighting       | 4 5 6 8 9 11 13 14 15 16 | 16.7
Shields        | 4 5 6 7 9 10 11 13 | 13.2
Polearms       | 3 4 5 6 7 9 11 12 13 14 15 16 17 | 17.3
Dodging        | 1 2 3 4 5 6 8 9 10 | 10.5
Throwing       | 2 4 6 |  6.7
Invocations    | 3 4 5 6 |  6.0
Evocations     | 2 4 5 |  5.4

Action                   |  1- 3 |  4- 6 |  7- 9 | 10-12 | 13-15 | 16-18 || total
-------------------------+-------+-------+-------+-------+-------+-------++-------
Melee: Trident           |   101 |   113 |   372 |   217 |  1398 |    87 ||  2288
       Headbutt          |     9 |    17 |    49 |   233 |   356 |    20 ||   684
       Spear             |       |       |       |   790 |    25 |       ||   815
Throw: Dart              |       |     6 |     2 |     4 |    27 |       ||    39
       Throwing net      |       |     1 |       |       |       |       ||     1
       Boomerang         |       |       |    24 |    62 |    99 |    22 ||   207
Invok: Heroism           |       |       |       |     1 |     1 |       ||     2
       Finesse           |       |       |       |       |     1 |       ||     1
  Use: Scroll            |       |    17 |     7 |     1 |    10 |     1 ||    36
       Potion            |       |       |     2 |       |     2 |       ||     4
 Stab: Held in net/web   |       |     1 |       |       |       |       ||     1
       Distracted        |       |       |       |       |     3 |       ||     3
Armor: Scale mail        |    30 |    35 |    53 |    92 |   250 |    27 ||   487
       Plate armour      |       |       |   109 |   162 |       |       ||   271
Dodge: Dodged            |    43 |    36 |   128 |   247 |   373 |    29 ||   856
Block: Buckler           |    14 |    20 |    92 |   128 |   269 |       ||   523
       Tower shield      |       |       |       |       |    42 |    74 ||   116
       Reflection        |       |       |       |       |     5 |       ||     5
